 Dungeon Crawl Stone Soup version 0.16.1-11-g651b585 (webtiles) character file.

174 Nihil the Covert (level 5, 0/34 HPs)
             Began as an Octopode Assassin on Apr 4, 2015.
             Hit by a goblin thrown by Robin (2 damage)
             ... on level 3 of the Dungeon.
             The game lasted 00:06:49 (2596 turns).

Nihil the Covert (Octopode Assassin)                Turns: 2596, Time: 00:06:50

Health: 0/34       AC:  1    Str: 10    XL:     5   Next: 54%
Magic:  5/5        EV: 12    Int: 14    God:
Gold:   92         SH:  0    Dex: 14    Spells: 0 memorised, 4 levels left

rFire  . . .     SeeInvis .     a - +2 dagger
rCold  . . .     Clarity  .     (no shield)
rNeg   . . .     SustAb   .     (helmet restricted)
rPois  .         Gourm    .     (no amulet)
rElec  .         Spirit   .     (no ring)
rCorr  .         Warding  .     (no ring)
rMut   .         Stasis   .     (no ring)
MR     .....                    (no ring)
Stlth  +++++.....               (no ring)
                                (no ring)
                                (no ring)
                                (no ring)

@: not resistant to hostile enchantments, quite stealthy
A: almost no armour, amphibious, 8 rings, constrict 8, camouflage 1, gelatinous
body 1
a: no special abilities


You were on level 3 of the Dungeon.
You were not hungry.

You visited 1 branch of the dungeon, and saw 3 of its levels.

You collected 92 gold pieces.

Inventory:

Hand weapons
 a - a +2 dagger (weapon)
 b - a +0 blowgun
Missiles
 e - 7 poisoned needles
 f - 2 curare-tipped needles
Scrolls
 c - a scroll of fear {unknown}
 d - a scroll of teleportation
 h - a scroll of amnesia
 k - 3 scrolls of identify
 l - 2 scrolls of enchant weapon
Comestibles
 g - 3 bread rations
 i - a meat ration


   Skills:
 + Level 2.2 Fighting
 + Level 2.8 Short Blades
 + Level 2.1 Throwing
 + Level 2.0 Dodging
 + Level 8.0 Stealth


You had 4 spell levels left.
You didn't know any spells.

Dungeon Overview and Level Annotations

Branches:
Dungeon (3/15)

Altars:
Makhleb
The Shining One

Annotations:
D:3 BoredOne's ghost, average SpEn; Robin


Innate Abilities, Weirdness & Mutations

You cannot wear most types of armour.
You are amphibious.
You can wear up to eight rings at the same time.
You can use your tentacles to constrict many enemies at once.
Your skin changes colour to match your surroundings (Stealth).
Your rubbery body absorbs attacks (AC +1).


Message History

Robin throws the goblin at you!
Things that are here:
a dagger; a goblin corpse You closely miss the goblin.
Your grab misses the goblin. The goblin hits you.
You hit the goblin. Your grab misses the goblin.
The goblin is severely wounded.
The goblin closely misses you. Robin throws the goblin at you!
The goblin hits you with a club. The goblin barely misses you.
You closely miss the goblin. You grab the goblin.
The goblin is severely wounded.
You constrict the goblin. The goblin hits you but does no damage.
You hit the goblin.
You kill the goblin!
The goblin hits you with a club.
* * * LOW HITPOINT WARNING * * *
The goblin closely misses you. The goblin hits you with a club.
* * * LOW HITPOINT WARNING * * *
Robin throws the goblin at you!
You die...

##...####...(....####.###(#######
##....##..####### #.# ### #
##....#..# #.# ### ##...g..#
#.### ##.# #####...#)##
#...######.#. ...g.g###.##
#...>..##.### ....####)#.#######
#.#.##.###.#.


ggg.g.gg###..gggg# #.#.##.####.# ....####g#..####@# #.#.........# .... .....#
#.# #.####.###### ..#. ####### #.# #.####.# gg.. #.# #......# .gg# ... ########
#.# #.# #.. ### You could see Robin and 3 goblins.

Vanquished Creatures
  An orc priest (D:3)
  Crazy Yiuf (D:2)
  A hound (D:3)
  An adder (D:2)
  2 worms
  8 orcs (D:3)
  6 ball pythons
  A giant cockroach (D:3)
  13 goblins
  4 hobgoblins
  5 jackals
  5 kobolds (D:3)
  5 bats
  A giant gecko (D:1)
  3 giant newts
  5 rats
  2 plants (D:2)
64 creatures vanquished.

Notes
Turn   | Place    | Note
--------------------------------------------------------------
     0 | D:1      | Nihil, the Octopode Assassin, began the quest for the Orb.
     0 | D:1      | Reached XP level 1. HP: 14/14 MP: 1/1
   502 | D:1      | Reached XP level 2. HP: 19/19 MP: 2/2
   770 | D:2      | Reached skill level 6 in Stealth
   984 | D:2      | Noticed Crazy Yiuf
   988 | D:2      | Killed Crazy Yiuf
   988 | D:2      | Reached XP level 3. HP: 24/24 MP: 3/3
  1016 | D:2      | Reached skill level 7 in Stealth
  1016 | D:2      | Reached XP level 4. HP: 25/29 MP: 4/4
  1157 | D:2      | Found a glowing golden altar of the Shining One.
  1438 | D:3      | Noticed BoredOne's ghost (average SpEn)
  1595 | D:3      | Reached XP level 5. HP: 4/34 MP: 5/5
  2449 | D:3      | Found a burning altar of Makhleb.
  2454 | D:3      | Reached skill level 8 in Stealth
  2475 | D:3      | Noticed Robin
  2596 | D:3      | Hit by a goblin thrown by Robin

Action                   |  1- 3 |  4- 6 || total
-------------------------+-------+-------++-------
Melee: Dagger            |    28 |   155 ||   183
 Fire: Blowgun           |     2 |       ||     2
  Use: Scroll            |     5 |       ||     5
       Potion            |       |     3 ||     3
 Stab: Sleeping          |     9 |     9 ||    18
  Eat: Bread ration      |       |     1 ||     1
       Chunk             |       |     1 ||     1
